 Dungeon Crawl Stone Soup version 0.32-a0-768-g0f6f1dd4b9 (webtiles) character file.

Game seed: 13964885642452251105

18 Xavori the Trooper (level 2, 21/21 (25) HPs)
             Began as a Djinni Chaos Knight on Mar 19, 2024.
             Was a Plaything of Xom.
             Quit the game on level 1 of the Dungeon.
             The game lasted 00:01:05 (10028 turns).

Xavori the Trooper (Djinni Chaos Knight)           Turns: 10028, Time: 00:01:06

HP:   21/21 (25)    AC:  5    Str:  6 (8)  XL:     2   Next: 90%
Gold: 38            EV: 10    Int: 17      God:    Xom [.*....] SH:  5 Dex:  8 (9)

rFire   + + .        a - +0 falchion (chaos)
rCold   x . .        (no shield)
rNeg    . . .        b - +2 leather armour
rPois   ∞            (helmet restricted)
rElec   .            (no cloak)
rCorr   .            (no gloves)
SInv    .            (boots unavailable)
Will    .....        i - amulet of reflection
Stlth   +            (no ring)
HPRegen 0.23/turn    (no ring)
MPRegen 0.00/turn

%: reflection
@: flying, heavily drained
A: sickness immunity, fire resistance 2, cold vulnerability 1, float, innate
caster, HP casting, extra vitality 1, beak, claws 1, clever 1, clumsy 1, weak 1,
MP-powered wands
a: Renounce Religion


You were on level 1 of the Dungeon.
You worshipped Xom.
You were a plaything of Xom.
You visited 1 branch of the dungeon, and saw 2 of its levels.

You collected 38 gold pieces.

Inventory:

Hand Weapons
 a - a +0 falchion of chaos (weapon)
Armour
 b - a +2 leather armour (worn)
Jewellery
 i - an amulet of reflection (around neck)
Scrolls
 c - a scroll of butterflies
 f - 2 scrolls of enchant armour {unknown}
 g - 2 scrolls of poison {unknown}
 h - a scroll of teleportation {unknown}
Potions
 d - a potion of might {unknown}
 e - a potion of resistance {unknown}
 j - a potion of lignification {unknown}


   Skills:
 + Level 3.1 Fighting
 + Level 2.8 Long Blades
 + Level 1.3 Armour
 + Level 2.4 Dodging
 * Level 0.8 Spellcasting
 * Level 0.8 Conjurations
 * Level 0.8 Hexes
   Level 0.0 Charms
 * Level 0.8 Summonings
 * Level 0.8 Necromancy
 * Level 0.8 Translocations
   Level 0.0 Transmutations
 * Level 0.8 Fire Magic
 * Level 0.8 Ice Magic
 * Level 0.8 Air Magic
 * Level 0.8 Earth Magic
 * Level 0.8 Alchemy You didn't know any spells. Your spell library was empty.

Dungeon Overview and Level Annotations

Branches:
Dungeon (2/15)

Altars:


Innate Abilities, Weirdness & Mutations

You are immune to sickness and miasma.
You are immune to poison.
Your flesh is very heat resistant. (rF++)
You are vulnerable to cold. (rC-)
You float through the air rather than walking.
You learn spells naturally, not from books.
Your magical power is your life essence.
You have superior vitality. (+4 MHP)
You have a beak for a mouth.
You have sharp fingernails.
Your mind is acute. (Int +4, Str/Dex -1)
You are clumsy. (Dex -2)
You are weak. (Str -2)
You expend health (3 HP) to strengthen your wands.


Message History

You start waiting.
You start waiting.
You are now a favourite toy of Xom.
You start waiting.
You start waiting.
You start waiting.
You start waiting.
Done waiting.
You start waiting.
Done waiting.
You start waiting.
Done waiting.
You start waiting. "Let's see if it's strong enough to survive yet."
There are monsters nearby!
There are monsters nearby!
There are monsters nearby!
You fly downwards.
There is a stone staircase leading up here.
You start waiting.
Done waiting.
You start waiting.
You are now a beloved toy of Xom.
There is a stone staircase leading up here.
You start waiting.
Done waiting.
You start waiting.
Done waiting.
You start waiting.
Done waiting.
You start waiting.
Xom's power almost touches on you for a moment.
Nothing appears to happen...
Ominous!
You are now a plaything of Xom.
You start waiting.
Done waiting.
You fly upwards.
There is a stone staircase leading down here.
There's nothing to open nearby.
Are you sure you want to abandon this character and quit the game? (Confirm with "yes".)

####### #.....#
############ #.....#
#...[......# ## ##.....#
#....#####.#
.#####......####)...#...#.#
.....'.........'@...#.###.#
.#####...#######....#.....#
.# ##### #....####### .#
####### #....#
######.....#####.####
#.........##.....#
#.###.....##...^.# #.#
#.....##.....# #.#
#.....#####.##


There were no monsters in sight!

Vanquished Creatures
  A dart slug (D:1)
  2 hobgoblins (D:1)
  4 jackals (D:2)
  2 quokkas
  3 goblins
  2 kobolds
  A rat (D:1)
15 creatures vanquished.

Notes
Turn   | Place    | Note
-------+----------+-------------------------------------------
     0 | D:1      | Xavori the Djinni Chaos Knight began the quest for the Orb.
     0 | D:1      | Reached XP level 1. HP: 20/20 MP: 0/0
   144 | D:1      | Reached XP level 2. HP: 25/25 MP: 0/0
   759 | D:1      | XOM: divination: detect creatures
  1351 | D:1      | XOM: give mutations
  1351 | D:1      | Gained mutation: You are clumsy. (Dex -2) [Xom's mischief]
  1351 | D:1      | Gained mutation: You are weak. (Str -2) [Xom's mischief]
  1847 | D:1      | XOM: give mutations
  1847 | D:1      | Gained mutation: You occasionally shout uncontrollably at
                  | your foes. [Xom's mischief]
  1847 | D:1      | Gained mutation: You occasionally lose the ability to drink
                  | potions when taking damage. [Xom's mischief]
  1847 | D:1      | Lost mutation: You occasionally lose the ability to drink
                  | potions when taking damage. [Xom's mischief]
  1853 | D:1      | XOM: give mutations
  1853 | D:1      | Gained mutation: You frequently scream uncontrollably at
                  | your foes. [Xom's mischief]
  1853 | D:1      | Gained mutation: Armour fits poorly on your strangely
                  | shaped body. [Xom's mischief]
  1853 | D:1      | Lost mutation: You frequently scream uncontrollably at your
                  | foes. [Xom's mischief]
  1901 | D:1      | XOM: give mutations
  1901 | D:1      | Gained mutation: You have a pair of small horns on your
                  | head. [Xom's mischief]
  1901 | D:1      | Lost mutation: You have a pair of small horns on your head.
                  | [Xom's mischief]
  1901 | D:1      | Gained mutation: Your mind is acute. (Int +4, Str/Dex -1)
                  | [Xom's mischief]
  1901 | D:1      | Lost mutation: Armour fits poorly on your strangely shaped
                  | body. [Xom's mischief]
  2097 | D:1      | XOM: give mutations
  2097 | D:1      | Gained mutation: You occasionally lose the ability to drink
                  | potions when taking damage. [Xom's mischief]
  2097 | D:1      | Gained mutation: Your body sometimes deteriorates upon
                  | taking damage. [Xom's mischief]
  2235 | D:1      | XOM: stat loss: -1 Str (7/8)
  2269 | D:1      | XOM: stat loss: -1 Dex (8/9)
  2474 | D:1      | XOM: god gift: smoky puce potion {god gift}
  2912 | D:1      | XOM: draining
  3351 | D:1      | XOM is BORED!
  3351 | D:1      | XOM: silly message
  4143 | D:1      | XOM: give mutations
  4143 | D:1      | Lost mutation: You occasionally shout uncontrollably at
                  | your foes. [Xom's mischief]
  4143 | D:1      | Lost mutation: Your body sometimes deteriorates upon taking
                  | damage. [Xom's mischief]
  4225 | D:1      | XOM is BORED!
  4225 | D:1      | XOM: summons 2 hostile demons
  4226 | D:1      | Noticed a crimson imp
  4275 | D:2      | XOM: silly message
  5404 | D:1      | XOM: stat loss: -1 Str (6/8)
  5568 | D:1      | XOM: summons 2 hostile demons
  5569 | D:1      | Noticed a crimson imp
  6005 | D:2      | XOM: summons 1 hostile demon
  6039 | D:1      | XOM: divination: detect items
  7095 | D:1      | XOM: divination: detect items
  7835 | D:1      | XOM: give mutations
  7835 | D:1      | Gained mutation: You have a beak for a mouth. [Xom's grace]
  7835 | D:1      | Gained mutation: You expend health (3 HP) to strengthen
                  | your wands. [Xom's grace]
  7856 | D:1      | XOM: noise
  8097 | D:1      | XOM: divination: detect creatures
  8798 | D:1      | XOM: give mutations
  8798 | D:1      | Lost mutation: You occasionally lose the ability to drink
                  | potions when taking damage. [Xom's mischief]
  8798 | D:1      | Gained mutation: You have sharp fingernails. [Xom's
                  | mischief]
  8900 | D:1      | XOM is BORED!
  9404 | D:1      | XOM: summons 2 hostile shadow creatures
  9925 | D:2      | XOM: silly message
 10028 | D:1      | Quit the game

Illustrated notes

Levels and vault maps discovered:
D:1:      co_arrival_random_square_maze, layout_basic
D:2:      layout_loops_cross, basic_altar

Action                     || total
---------------------------++-------
  Melee: Falchion          ||    45
 Armour: Leather armour    ||    19
  Dodge: Dodged            ||    30
  Block: Other             ||     2

Table legend: (Time is in decaauts)
 A = Elapsed time spent in this place.
 B = Non-inter-level travel time spent in this place.
 C = Inter-level travel time spent in this place.
 D = Time resting spent in this place.
 E = Time spent auto-exploring this place.
 F = Levels seen in this place.
 G = Mean time per level.
                   A        B        C        D        E       F      G
               +--------+--------+--------+--------+--------+-----+--------+
         Total |  10039 |  10023 |     16 |   9367 |    511 |   2 | 5019.5 |
       Dungeon |  10039 |  10023 |     16 |   9367 |    511 |   2 | 5019.5 |
               +--------+--------+--------+--------+--------+-----+--------+

Top non-repeatable levels by time:
     D:1: 9036 daAuts
     D:2: 1003 daAuts
